AoeStats
← numba one

Oasis

508056476Analyzed
3v3 RM · 12d ago on Sep 20, 2026· 50m 10s· 6 players
Game mode
Random Map
Map size
Normal (6 player)
Population
200
Speed
Normal
Resources
Standard
Victory
Conquest
Starting age
Dark Age
Ending age
Imperial Age
RankedLock teamsTeams togetherTeam positionsShared explorationLock speedFull tech treeHidden civsTurbo modeCheats
Victory
Defeat
🇷🇴 Huns · Romania
1000
+14
🇷🇴 Chinese · Romania
993
+15
🇫🇷 Vikings · France
993
+15
🇱🇹 Maya · Lithuania
1006
-17
🇷🇺 Spanish · Russia
948
-14
🇨🇱 Bulgarians · Chile
931
-13
Tektø
13:37 Feudal Age
14:23 Horse Collar
14:31 Double-Bit Axe
18:18 Stone Mining
21:15 Castle Age
19:17 Gold Mining
20:27 Forging
20:18 Scale Mail Armor
22:24 Bow Saw
22:17 Heavy Plow
23:17 Iron Casting
22:58 Chain Mail Armor
27:07 Caravan
32:30 Imperial Age
32:43 Arson
32:59 Squires
34:37 Blast Furnace
34:08 Plate Mail Armor
34:00 Conscription
33:43 Bogsveigar
33:30 Elite Berserk
35:55 Chieftains
35:51 Capped Ram
37:18 Siege Ram
Legend Killer
0:28 Loom
11:50 Feudal Age
18:35 Castle Age
20:54 Scale Barding Armor
21:00 Forging
27:17 Iron Casting
29:16 Wheelbarrow
28:36 Double-Bit Axe
28:34 Horse Collar
30:27 Hand Cart
30:34 Bow Saw
30:27 Heavy Plow
32:06 Caravan
35:51 Imperial Age
35:32 Arson
35:49 Squires
35:52 Scale Mail Armor
35:54 Padded Archer Armor
35:45 Fletching
37:33 Chemistry
36:54 Ballistics
36:30 Murder Holes
37:49 Blast Furnace
37:05 Chain Mail Armor
37:24 Conscription
37:03 Stone Mining
37:04 Gold Mining
39:19 Two-Man Saw
37:46 Elite Fire Lancer
38:20 Elite Chu Ko Nu
40:10 Gold Shaft Mining
40:13 Stone Shaft Mining
39:41 Bodkin Arrow
40:02 Leather Archer Armor
40:12 Bombard Tower
41:19 Bracer
41:50 Plate Mail Armor
45:54 Ring Archer Armor
50:36 Bloodlines
50:27 Husbandry
49:47 Cavalier
numba one
9:32 Feudal Age
19:40 Castle Age
18:04 Double-Bit Axe
18:37 Horse Collar
20:37 Bloodlines
20:33 Scale Barding Armor
27:20 Wheelbarrow
29:35 Loom
32:03 Caravan
32:46 Husbandry
36:01 Imperial Age
35:21 Fletching
35:53 Chain Barding Armor
35:43 Forging
35:59 Hand Cart
35:30 Town Watch
36:04 Heavy Plow
37:05 Conscription
36:16 Cavalier
37:29 Paladin
38:08 Light Cavalry
40:25 Plate Barding Armor
40:25 Iron Casting
39:46 Bodkin Arrow
43:57 Blast Furnace
42:58 Bracer
IgNi
7:14 Loom
10:20 Feudal Age
10:49 Double-Bit Axe
11:18 Horse Collar
14:46 Stone Mining
18:31 Wheelbarrow
21:36 Castle Age
24:54 Eagle Warrior
25:35 Squires
26:19 Bow Saw
26:12 Heavy Plow
26:53 Stone Shaft Mining
27:46 Forging
27:36 Scale Mail Armor
29:31 Iron Casting
29:12 Chain Mail Armor
30:27 Elite Skirmisher
32:03 Fletching
32:39 Hand Cart
33:36 Arson
38:19 Imperial Age
36:43 Ballistics
36:47 Hul'che Javelineers
37:14 Gold Mining
37:36 Bodkin Arrow
37:56 Chain Mail Armor
40:28 Chemistry
41:01 Blast Furnace
40:31 Plate Mail Armor
40:22 Elite Plumed Archer
42:31 Bracer
42:31 Padded Archer Armor
43:57 Elite Eagle Warrior
49:57 Holcans
shamannking1993
0:42 Loom
14:01 Feudal Age
16:25 Wheelbarrow
19:45 Castle Age
18:01 Horse Collar
18:10 Double-Bit Axe
20:28 Caravan
23:59 Pikeman
24:40 Squires
26:35 Gambesons
26:35 Arson
36:48 Imperial Age
35:44 Hand Cart
38:35 Chemistry
37:15 Halberdier
38:10 Forging
39:03 Ballistics
40:16 Murder Holes
40:33 Husbandry
41:36 Conscription
44:22 Bloodlines
46:22 Cavalier
Cuerv0
5:01 Loom
11:31 Feudal Age
17:32 Double-Bit Axe
24:31 Castle Age
31:17 Wheelbarrow
30:48 Horse Collar
31:27 Town Watch
32:02 Scale Barding Armor
34:05 Hand Cart
34:38 Chain Barding Armor
36:48 Stirrups
37:09 Forging
39:55 Imperial Age
37:19 Pikeman
38:38 Iron Casting
38:55 Masonry
38:44 Fletching
39:44 Bodkin Arrow
40:29 Caravan
40:59 Conscription
42:26 Blast Furnace
42:35 Elite Konnik
44:53 Architecture
44:35 Bracer
46:51 Chemistry
46:31 Plate Barding Armor
49:03 Murder Holes
Connection lost

Rejoining the realm…

Still unreachable

The connection could not be restored.

Session expired

The server has moved on; the page needs a fresh start.